AoeStats
← adripanzer

Fortress

509848450Analyzed
4v4 RM · 5d ago on Sep 28, 2026· 13m 4s· 8 players
Game mode
Random Map
Map size
Huge
Population
200
Speed
Normal
Resources
Standard
Victory
Conquest
Starting age
Dark Age
Ending age
Imperial Age
RankedLock teamsTeams togetherTeam positionsShared explorationLock speedFull tech treeHidden civsTurbo modeCheats
Victory
Defeat
🇳🇿 Britons · New Zealand
720
+14
🇨🇳 Franks · China
695
+15
🇮🇳 Khmer · India
694
+15
🇭🇰 Huns · Hong Kong SAR China
586
+21
🇩🇰 Varangians · Denmark
711
-18
🇪🇸 Poles · Spain
689
-17
🇦🇷 Lithuanians · Argentina
652
-15
🇩🇪 Saracens · Germany
644
-15
quappus
0:35 Loom
adripanzer
2:27 Loom
BlacKHazE.
Luciano24cm
kh
8:20 Feudal Age
9:45 Wheelbarrow
XzorNEFFEX
9:20 Feudal Age
Poremmie
1:14 Loom
10:48 Feudal Age
14:28 Castle Age
ROSECAT
9:13 Feudal Age
11:26 Double-Bit Axe
12:10 Horse Collar
Connection lost

Rejoining the realm…

Still unreachable

The connection could not be restored.

Session expired

The server has moved on; the page needs a fresh start.